 Dungeon Crawl Stone Soup version 0.29.1-12-g30fa7ad0bf (webtiles) character file.

Game seed: 9026653826096794706

111 CaptainMV the Covered (level 5, -1/38 HPs)
             Began as a Human Wanderer on Dec 13, 2022.
             Killed by divine providence
             ... invoked by an orc priest
              (15 damage)
             ... on level 4 of the Dungeon.
             The game lasted 00:19:01 (2857 turns).

CaptainMV the Covered (Human Wanderer)              Turns: 2857, Time: 00:19:02

Health: -1/38      AC: 11    Str: 17    XL:     5   Next: 15%
Magic:  5/5        EV:  9    Int: 10    God:
Gold:   203        SH:  0    Dex: 12    Spells: 2/4 levels left

rFire   . . .      SeeInvis .   a - +2 spear
rCold   . . .      Faith    .   (no shield)
rNeg    . . .      Spirit   .   c - +1 scale mail
rPois   .          Reflect  .   (no helmet)
rElec   .          Harm     .   k - +2 cloak
rCorr   .          Rampage  .   (no gloves)
Will    .....                   (no boots)
Stlth   ..........              h - amulet of regeneration
HPRegen 0.92/turn               (no ring)
MPRegen 0.09/turn               (no ring)

@: no status effects
A: no striking features
a: no special abilities


You were on level 4 of the Dungeon.
You visited 1 branch of the dungeon, and saw 4 of its levels.

You collected 203 gold pieces.

Inventory:

Hand Weapons
 a - a +2 spear (weapon)
 b - a +0 sling
Missiles
 j - 3 atropa-tipped darts (quivered)
Armour
 c - a +1 scale mail (worn)
 k - a +2 cloak (worn)
Jewellery
 h - an amulet of regeneration (around neck)
Wands
 p - a wand of flame (51)
Scrolls
 d - a scroll of blinking
 f - a scroll of enchant armour
 g - a scroll of immolation {unknown}
 i - 3 scrolls of teleportation
 o - 3 scrolls of fear
 q - a scroll of identify {unknown}
 r - 2 scrolls of magic mapping {unknown}
 t - a scroll of silence {unknown}
 u - a scroll of enchant weapon {unknown}
Potions
 e - 2 potions of haste {unknown}
 l - a potion of curing {unknown}
 m - a potion of brilliance {unknown}
 n - a potion of heal wounds {unknown}
 s - 2 potions of degeneration {unknown}


   Skills:
 + Level 2.3 Fighting
 + Level 2.8 Polearms
 + Level 1.0 Ranged Weapons
 + Level 5.5 Armour
 + Level 1.0 Dodging
 + Level 0.3 Stealth


You had 2 spell levels left.
You knew the following spells:

 Your Spells              Type           Power      Damage    Failure   Level
a - Wereblood             Tmut           0%         N/A       87%         2

Your spell library contained the following spells:

 Spells                   Type           Power      Damage    Failure   Level
 Beastly Appendage        Tmut           0%         N/A       75%         1
 Spider Form              Tmut/Pois      0%         N/A       98%         3


Dungeon Overview and Level Annotations

Branches:
Dungeon (4/15)
 Temple: D:4-7

Altars:


Message History

You have reached level 5!
You hit the orc priest.
The orc priest is moderately wounded.
The orc priest hits you but does no damage.
An orc comes into view. It is wielding a +0 hand axe.
You barely miss the orc priest.
The orc priest is moderately wounded.
The orc priest hits you but does no damage.
You barely miss the orc priest.
The orc priest is moderately wounded.
The orc priest calls down the wrath of Beogh upon you.
Beogh smites you!
You closely miss the orc priest.
The orc priest is moderately wounded.
The orc priest hits you with a +0 club.
You hit the orc priest.
The orc priest is heavily wounded.
The orc priest barely misses you.
You hit the orc priest.
The orc priest is almost dead.
The orc priest looks satisfied for a moment.
You hear a shout!
You barely miss the orc priest.
The orc priest is almost dead.
A goblin comes into view. It is wielding a +0 club.
The orc priest miscasts a cantrip.
You barely miss the orc priest.
The orc priest is almost dead.
The orc priest invokes the aid of Beogh against you.
Beogh smites you!
You hit the orc priest.
The orc priest is almost dead.
The orc priest invokes the aid of Beogh against you.
Pain shoots through your body!
You closely miss the orc priest.
You punch the orc priest, but do no damage.
The orc priest is almost dead.
The orc priest invokes the aid of Beogh against you.
Beogh smites you!
You die... ### #@# #o# ooo

..g..
###.###
#.# #.#
#.#


You could see an orc priest, 3 orcs and a goblin.

Vanquished Creatures
  An orc priest (D:4)
  Jessica (D:2)
  2 adders (D:2)
  5 ball pythons
  9 bats
  An endoplasm (D:2)
  A giant cockroach (D:2)
  5 goblins
  A hobgoblin (D:2)
  3 quokkas
  4 frilled lizards
  3 kobolds
  4 rats
40 creatures vanquished.

Notes
Turn   | Place    | Note
-------+----------+-------------------------------------------
     0 | D:1      | CaptainMV the Human Wanderer began the quest for the Orb.
     0 | D:1      | CaptainMV set off with the following items: a +2 spear, a
                  | +0 sling, a +0 scale mail, a scroll of blinking.
     0 | D:1      | Reached XP level 1. HP: 16/16 MP: 1/1
    67 | D:1      | Found a faded altar of an unknown god.
   308 | D:1      | Reached XP level 2. HP: 22/22 MP: 2/2
  1071 | D:2      | Reached XP level 3. HP: 25/27 MP: 3/3
  1391 | D:2      | Noticed Jessica
  1395 | D:2      | Killed Jessica
  1396 | D:2      | Reached skill level 5 in Armour
  1396 | D:2      | Reached XP level 4. HP: 33/33 MP: 4/4
  1479 | D:2      | Learned a level 2 spell: Wereblood
  2848 | D:4      | Reached XP level 5. HP: 36/38 MP: 5/5
  2857 | D:4      | Killed from afar by an orc priest

Illustrated notes

Levels and vault maps discovered:
D:1:      amcnicky_arrival_gap_in_the_tavern_cellar, layout_loops_corners,
          dilly_ecumenical_altar_fadedgnrine, minmay_misc_feat_nine_boxes
D:2:      layout_basic, serial_corexii_hall, corexii_hall_statues_i,
          corexii_hall_statues_i, uniq_jessica
D:3:      layout_basic
D:4:      layout_basic, mainiacjoe_overflow_alcove_4, hangedman_ru_absence,
          gup_ossuary_entry_pyramid, serial_shops,
          nicolae_shop_overgrown_old_shop

Skill      XL: |  1  2  3 |
---------------+----------+-----
Armour         | 5 |  5.5
Fighting       | |  2.3
Polearms       | |  2.8
Ranged Weapons | |  1.0
Dodging        | |  1.0
Stealth        | |  0.3

Action                   |  1- 3 |  4- 6 || total
-------------------------+-------+-------++-------
Melee: Spear             |    51 |    72 ||   123
       Punch             |       |     1 ||     1
  Use: Scroll            |       |     3 ||     3
Armor: Scale mail        |    26 |    42 ||    68
Dodge: Dodged            |    25 |    36 ||    61
